 Dungeon Crawl Stone Soup version 0.26-a0-660-gc07710193c (webtiles) character file.

Game seed: 17350508294163178953

658 Decritt the Conjurer (level 7, 0/40 HPs)
             Began as a Deep Elf Conjurer on Oct 6, 2020.
             Slain by Robin
             ... wielding a +1 trident of venom
              (7 damage)
             ... on level 4 of the Dungeon.
             The game lasted 00:16:06 (4565 turns).

Decritt the Conjurer (Deep Elf Conjurer)            Turns: 4565, Time: 00:16:07

Health: 0/40       AC:  4    Str:  4 (5)  XL:     7   Next: 30%
Magic:  15/15      EV: 12    Int: 23 (24) God:
Gold:   246        SH:  0    Dex: 10 (13) Spells: 11/14 levels left

rFire    + . .     SeeInvis .   u - +0 quarterstaff
rCold    + . .     Faith    .   (shield currently unavailable)
rNeg     . . .     Spirit   .   l - +0 leather armour
rPois    +         Reflect  .   (no helmet)
rElec    +         Harm     .   s - +0 cloak (curse)
rCorr    +         Rampage  .   (no gloves)
MR       .....                  (no boots)
Stlth    ++........             (no amulet)
HPRegen  0.13/turn              (no ring)
MPRegen  0.14/turn              (no ring)

@: brilliant, lethally poisoned (0 -> -15), about to teleport, resistant, very
slightly contaminated
A: no striking features
a: no special abilities


You were on level 4 of the Dungeon.
You visited 1 branch of the dungeon, and saw 4 of its levels.

You collected 246 gold pieces.

Inventory:

Hand Weapons
 u - a +0 quarterstaff (weapon)
Missiles
 h - 28 poisoned darts (quivered)
Armour
 l - a +0 leather armour (worn)
 s - a cursed +0 cloak (worn)
Scrolls
 c - 5 scrolls of remove curse
 d - 3 scrolls of enchant armour
 f - a scroll of fear {unknown}
 g - 2 scrolls of identify
 j - a scroll of teleportation
 n - 2 scrolls of random uselessness {unknown}
 o - a scroll of magic mapping {unknown}
 r - 2 scrolls of blinking {unknown}
Potions
 b - 2 potions of flight
 k - 3 potions of lignification


   Skills:
 - Level 2.8 Fighting
 - Level 5.0 Dodging
 - Level 2.4 Stealth
 + Level 4.1 Spellcasting
 * Level 7.5 Conjurations


You had 11 spell levels left.
You knew the following spells:

 Your Spells              Type           Power        Failure   Level
a - Magic Dart            Conj           ####         1%          1
b - Searing Ray           Conj           ######       1%          2

Your spell library contained the following spells:

 Spells                   Type           Power        Failure   Level
 Dazzling Flash           Conj/Hex       ####..       12%         3
 Fulminant Prism          Conj/Hex       ####......   36%         4
 Iskenderun's Mystic Bla  Conj/Tloc      ####....     36%         4


Dungeon Overview and Level Annotations

Branches:
Dungeon (4/15)
 Temple: D:4-7

Altars:

Annotations:
D:4 Robin


Message History

* * * LOW HITPOINT WARNING * * *
You feel sick.
Robin roars a battlecry!
The goblin goes into a battle-frenzy!
* * * LOW HITPOINT WARNING * * *
You feel sick.
Items here: )) ††.
* * * LOW HITPOINT WARNING * * *
You feel sick.
* * * LOW HITPOINT WARNING * * *
You feel sick.
* * * LOW HITPOINT WARNING * * *
You feel sick.
Okay, then.
As you read the scroll labeled WINGOI OTAE, it crumbles to dust.
You feel strangely unstable.
It was a scroll of teleportation.
* * * LOW HITPOINT WARNING * * *
You feel sick.
Robin hits you from afar with a +1 trident of venom!
You die...

#.# #.# #.#
#.# #.#####
#.# ......#
#g# #.###.#
#.# #.# #.#
#g# #.# #.#
#g# #.# #.#
#.# ..#
#.##########@#
###
#...>))......#
##############


You could see Robin, a hobgoblin (strong) and a goblin (strong).

Vanquished Creatures
  An ogre (D:3)
  3 big kobolds
  A scorpion (D:4)
  3 orc wizards (D:4)
  An orc priest (D:4)
  2 gnolls (D:4)
  7 adders
  3 oozes
  An adder skeleton (D:4)
  2 worms (D:2)
  2 leopard geckos
  4 orcs
  6 giant cockroaches
  12 goblins
  16 hobgoblins
  A quokka (D:3)
  A ball python (D:4)
  4 bats
  4 frilled lizards
  31 kobolds
  A rat (D:3)
106 creatures vanquished.

Notes
Turn   | Place    | Note
-------+----------+-------------------------------------------
     0 | D:1      | Decritt the Deep Elf Conjurer began the quest for the Orb.
     0 | D:1      | Reached XP level 1. HP: 10/10 MP: 6/6
   462 | D:1      | Reached XP level 2. HP: 15/15 MP: 6/8
   567 | D:1      | Reached skill level 5 in Conjurations
  1008 | D:2      | Found a faded altar of an unknown god.
  1016 | D:2      | Reached XP level 3. HP: 19/19 MP: 5/9
  1618 | D:2      | Reached skill level 6 in Conjurations
  1874 | D:3      | Reached XP level 4. HP: 24/24 MP: 7/10
  2611 | D:3      | Learned a level 2 spell: Searing Ray
  2861 | D:4      | Reached XP level 5. HP: 28/28 MP: 9/11
  3000 | D:3      | Reached skill level 1 in Fighting
  3485 | D:4      | Reached skill level 7 in Conjurations
  3485 | D:4      | Reached XP level 6. HP: 35/35 MP: 2/12
  3872 | D:3      | Reached XP level 7. HP: 22/40 MP: 14/14
  4142 | D:4      | Reached skill level 5 in Dodging
  4501 | D:4      | Noticed Robin
  4565 | D:4      | Slain by Robin

Illustrated notes

Levels and vault maps discovered:
D:1:      wander_arrival_abandoned_jail, layout_loops_ring
D:2:      layout_basic, chequers_ecumenical_altar_simple_redux
D:3:      layout_loops_ring, grunt_ministairs_2
D:4:      minmay_goblin_kobold_castle, layout_loops_ring, cheibriados_altar_1,
          uniq_robin

Skill      XL: |  1  2  3  4  5  6  7 |
---------------+----------------------+-----
Conjurations   | 5 6 7 |  7.5
Fighting       | 1 2 |  2.8
Dodging        | 3 4 5 |  5.0
Spellcasting   | 4 |  4.1
Stealth        | |  2.4

Action                   |  1- 3 |  4- 6 |  7- 9 || total
-------------------------+-------+-------+-------++-------
Melee: Quarterstaff      |       |       |     9 ||     9
Throw: Dart              |       |    24 |       ||    24
 Cast: Magic Dart        |    65 |   120 |    42 ||   227
       Searing Ray       |       |     6 |     2 ||     8
  Use: Potion            |       |       |     9 ||     9
       Scroll            |       |       |     3 ||     3
 Stab: Invisible         |       |       |     1 ||     1
Armor: Robe              |     1 |       |       ||     1
       Leather armour    |     2 |    10 |     3 ||    15
       Skin              |       |       |    27 ||    27
Dodge: Dodged            |     2 |    51 |     7 ||    60

Table legend: (Time is in decaauts)
 A = Elapsed time spent in this place.
 B = Non-inter-level travel time spent in this place.
 C = Inter-level travel time spent in this place.
 D = Time resting spent in this place.
 E = Time spent auto-exploring this place.
 F = Levels seen in this place.
 G = Mean time per level.
                   A        B        C        D        E       F      G
               +--------+--------+--------+--------+--------+-----+--------+
         Total |   4569 |   4546 |     23 |    417 |   3361 |   4 | 1142.2 |
       Dungeon |   4569 |   4546 |     23 |    417 |   3361 |   4 | 1142.2 |
               +--------+--------+--------+--------+--------+-----+--------+

Top non-repeatable levels by time:
     D:3: 1466 daAuts
     D:4: 1349 daAuts
     D:2: 909 daAuts
     D:1: 844 daAuts
